AoeStats
← RisingPhoenix001

Arena

509632718Analyzed
1v1 RM · 4d ago on Sep 27, 2026· 46m 1s· 2 players
Game mode
Random Map
Map size
Tiny (2 player)
Population
200
Speed
Normal
Resources
Standard
Victory
Conquest
Starting age
Dark Age
Ending age
Imperial Age
RankedLock teamsTeams togetherTeam positionsShared explorationLock speedFull tech treeHidden civsTurbo modeCheats
Victory
Defeat
🇮🇳 Varangians · India
666
+17
🇧🇷 Britons · Brazil
679
-17
RisingPhoenix001
11:55 Feudal Age
13:19 Double-Bit Axe
15:53 Castle Age
15:46 Horse Collar
17:41 Scale Barding Armor
17:48 Bloodlines
18:22 Bow Saw
24:10 Chain Barding Armor
26:37 Wheelbarrow
27:45 Heavy Plow
30:30 Imperial Age
28:52 Hand Cart
28:59 Padded Archer Armor
28:49 Fletching
29:17 Loom
29:13 Elite Skirmisher
30:11 Leather Archer Armor
31:17 Bodkin Arrow
31:52 Ring Archer Armor
32:48 Conscription
34:16 Elite Jarl
34:27 Vendel Legacy
35:49 Masonry
36:03 Ballistics
36:45 Chemistry
36:02 Gold Mining
36:39 Bracer
36:51 Forging
37:24 Husbandry
36:44 Cavalier
38:34 Architecture
39:04 Iron Casting
38:04 Cavalier
39:59 Town Watch
40:07 Stone Mining
40:56 Plate Barding Armor
41:22 Blast Furnace
Therossi
0:27 Loom
3:56 Loom
9:59 Feudal Age
10:37 Horse Collar
10:47 Double-Bit Axe
11:48 Wheelbarrow
15:33 Gold Mining
15:52 Town Watch
20:27 Castle Age
18:48 Stone Mining
29:50 Fletching
30:35 Bow Saw
30:35 Heavy Plow
30:55 Bodkin Arrow
32:56 Gold Shaft Mining
34:30 Padded Archer Armor
38:04 Imperial Age
35:52 Hand Cart
35:24 Town Watch
37:07 Yeomen
37:06 Leather Archer Armor
37:05 Forging
37:42 Ballistics
40:31 Chemistry
39:43 Masonry
39:28 Murder Holes
39:15 Treadmill Crane
39:10 Cranequins
39:11 Heavy Mounted Crossbowman
39:15 Elite Skirmisher
39:41 Elite Longbowman
43:07 Bracer
43:38 Ring Archer Armor
43:44 Iron Casting
43:15 Scale Barding Armor
Connection lost

Rejoining the realm…

Still unreachable

The connection could not be restored.

Session expired

The server has moved on; the page needs a fresh start.